 Dungeon Crawl Stone Soup version 0.31.0-9-g3a7656b989 (webtiles) character file.

Game seed: 3667758052883040827

206327 SnakkuSnakku7 the Bludgeoner (level 19, -8/130 HPs)
             Began as a Djinni Hunter on Jan 24, 2024.
             Was a Priest of Yredelemnul.
             Killed from afar by a shock serpent (9 damage)
             ... with a bolt of electricity
             ... on level 3 of the Snake Pit on Jan 25, 2024.
             The game lasted 00:57:26 (38880 turns).

SnakkuSnakku7 the Bludgeoner (Djinni Hunter)       Turns: 38880, Time: 00:57:28

Health: -8/130     AC: 31    Str: 22    XL:     19   Next: 42%
Gold:   833        EV: 15    Int: 17    God:    Yredelemnul [***...] SH: 15 Dex: 19

rFire   + + .        a - +0 demon whip (elec)
rCold   + + +        T - +2 kite shield
rNeg    + . .        j - +2 pearl dragon scales
rPois   ∞            h - +2 helmet
rElec   .            g - +0 cloak
rCorr   +            P - +3 pair of gloves of the Shouting Gods {rPois Int+4 Dex+2}
SInv    .            (boots unavailable)
Will    +....        A - amulet of Rutsias {Acrobat rF- rC+++ Int+3} Stlth
                     t - +4 ring of slaying
HPRegen 0.41/turn    C - ring of Zeys {rF+ rC+ rCorr Str+6 Int-3}
MPRegen 0.00/turn

%: acrobat, infuse magic (-9 HP)
@: about to teleport, flying
A: sickness immunity, fire resistance 2, cold vulnerability 1, float, innate
caster, HP casting, extra vitality 1, iridescent scales 1, wild magic 1
}: 1/15 runes: decaying
a: Renounce Religion, Recall Undead Harvest, Dark Bargain


You were on level 3 of the Snake Pit.
You worshipped Yredelemnul.
Yredelemnul was aware of your devotion.
You visited 5 branches of the dungeon, and saw 29 of its levels.
You also visited: Bailey and Gauntlet.

You collected 3983 gold pieces.
You spent 3150 gold pieces at shops.

Inventory:

Hand Weapons
 a - a +0 demon whip of electrocution (weapon)
 b - a +3 morningstar of draining
Missiles
 I - a throwing net (quivered)
 W - 2 curare-tipped darts
Armour
 g - a +0 cloak (worn)
 h - a +2 helmet (worn)
 j - +2 pearl dragon scales (worn)
 P - the +3 pair of gloves of the Shouting Gods (worn) {rPois Int+4 Dex+2}
   (You bought it in a shop on level 2 of the Orcish Mines)

   Int+4:     It affects your intelligence (+4).
   Dex+2:     It affects your dexterity (+2).
   rPois:     It protects you from poison
 T - a +2 kite shield (worn)
Jewellery
 t - a +4 ring of slaying (left hand)
 A - the amulet of Rutsias (around neck) {Acrobat rF- rC+++ Int+3}
   (You found it on level 9 of the Dungeon)

   [amulet of the acrobat]

   Acrobat:   It increases your evasion while moving and waiting.
   Int+3:     It affects your intelligence (+3).
   rF-:       It makes you vulnerable to fire.
   rC+++:     It renders you almost immune to cold.
 B - the ring "Mycwompy" {Fire Will+ Dex+4 SInv}
   (You found it in a Gauntlet)

   [ring of fire]

   Fire:      It enhances your fire magic.
   Dex+4:     It affects your dexterity (+4).
   rF+:       It protects you from fire.
   rC-:       It makes you vulnerable to cold.
   Will+:     It increases your willpower.
   SInv:      It lets you see invisible.
 C - the ring of Zeys (right hand) {rF+ rC+ rCorr Str+6 Int-3}
   (You found it in a Gauntlet)

   [ring of strength]

   Str+6:     It affects your strength (+6).
   Int-3:     It affects your intelligence (-3).
   rF+:       It protects you from fire.
   rC+:       It protects you from cold.
   rCorr:     It protects you from acid and corrosion.
Wands
 d - a wand of flame (18)
 e - a wand of iceblast (13)
 w - a wand of polymorph (10)
 E - a wand of paralysis (19)
 M - a wand of light (18)
 O - a wand of mindburst (21)
 U - a wand of digging (2)
Scrolls
 c - 3 scrolls of immolation
 f - 4 scrolls of poison
 m - a scroll of revelation
 o - 2 scrolls of fog
 q - 2 scrolls of enchant weapon
 J - 7 scrolls of identify
 Q - a scroll of vulnerability
 R - 8 scrolls of teleportation
Potions
 i - 2 potions of mutation
 k - 5 potions of brilliance
 l - 13 potions of curing
 n - 4 potions of magic
 p - 4 potions of enlightenment
 s - 2 potions of cancellation
 u - 2 potions of invisibility
 v - 2 potions of resistance
 x - 8 potions of attraction
 z - 3 potions of heal wounds
 D - a potion of haste
 K - 2 potions of ambrosia
 N - 3 potions of lignification
 V - 5 potions of berserk rage
Miscellaneous
 y - a condenser vane
 F - a lightning rod (4/4)
 H - a phantom mirror
 L - a phial of floods


   Skills:
 - Level 10.0 Fighting
 - Level 16.0 Maces & Flails
 - Level 3.6 Ranged Weapons
 - Level 15.6 Armour
 - Level 10.0 Dodging
 - Level 0.7 Stealth
 - Level 12.0 Shields
 - Level 9.9 Spellcasting
 - Level 9.9 Conjurations
 - Level 9.9 Hexes
 - Level 9.9 Summonings
 - Level 9.9 Necromancy
 - Level 9.9 Translocations
 - Level 9.9 Fire Magic
 - Level 9.9 Ice Magic
 - Level 9.9 Air Magic
 - Level 9.9 Earth Magic
 - Level 9.9 Alchemy
 + Level 11.8 Invocations
 - Level 5.0 Evocations


You knew the following spells:

 Your Spells              Type           Power      Damage    Failure   Level
a - Sandblast             Erth           100%       2d20      1%          1
b - Call Imp              Summ           100%       N/A       1%          2
c - Static Discharge      Conj/Air       100%       3-8/arc   1%          2
d - Dazzling Flash        Conj/Hex       100%       N/A       3%          3
e - Silence               Hex/Air        26%        N/A       22%         5
f - Summon Forest         Summ/Tloc      26%        N/A       22%         5
g - Starburst             Conj/Fire      26%        6d8       71%         6
h - Plasma Beam           Fire/Air       26%        2x1d39    71%         6
i - Spellforged Servitor  Conj/Summ      26%        N/A       99%         7
Your spell library was empty.

Dungeon Overview and Level Annotations

Branches:
Dungeon (15/15)            Temple (0/1) D:7            Lair (5/5) D:9
  Swamp (4/4) Lair:2        Snake (3/4) Lair:3        Slime (0/5) Lair:4
    Orc (2/2) D:9             Elf (0/3) Orc:2        Vaults (0/5) D:14
 Depths (0/4) D:15         Bailey (visited)         Gauntlet (visited)

Altars:
Ashenzari
Cheibriados
Dithmenos
Elyvilon
Fedhas
Gozag
Nemelex Xobeh
Qazlal
Ru
Trog
Wu Jian
Xom
Yredelemnul
Zin
The Shining One
Jiyva

Shops:
D:1 *   Orc:1 !   Orc:2 (:[*=   Snake:3 =?=


Innate Abilities, Weirdness & Mutations

You are immune to sickness and miasma.
You are immune to poison.
Your flesh is very heat resistant. (rF++)
You are vulnerable to cold. (rC-)
You float through the air rather than walking.
You learn spells naturally, not from books.
Your magical power is your life essence.
You have superior vitality. (+4 MHP)
You are partially covered in iridescent scales. (AC +2)
Your spells are a little harder to cast, but a little more powerful.


Message History

Mlioglotl tramples the black mamba!
The black mamba holds its ground!
The shock serpent shoots out a bolt of lightning at you!
The bolt of electricity hits you!
The bolt of electricity hits the shock serpent.
The shock serpent completely resists.
Unknown command.
You thrash the shock serpent!!
The shock serpent is almost dead.
The shock serpent's electric aura discharges, shocking you!
The black mamba bites Mlioglotl!
You block the shock serpent's attack. You block the black mamba's attack.
The anaconda bites you!
* * * LOW HITPOINT WARNING * * *
The anaconda constricts you.
The mana viper bites you but does no damage.
Mlioglotl closely misses the black mamba.
Mlioglotl tramples the black mamba!
The black mamba holds its ground!
The shock serpent bites you!
* * * LOW HITPOINT WARNING * * *
The shock serpent shocks you!
* * * LOW HITPOINT WARNING * * *
Unknown command.
You feel much better.
The black mamba bites Mlioglotl but does no damage.
You block the anaconda's attack. The anaconda constricts you.
* * * LOW HITPOINT WARNING * * *
The black mamba bites you.
* * * LOW HITPOINT WARNING * * *
The shock serpent bites you.
* * * LOW HITPOINT WARNING * * *
The shock serpent shocks you!
* * * LOW HITPOINT WARNING * * *
The mana viper bites you.
* * * LOW HITPOINT WARNING * * *
The anaconda loses its grip on you.
Mlioglotl hits the black mamba but does no damage.
Mlioglotl tramples the black mamba but does no damage.
The shock serpent shoots out a bolt of lightning at you!
The bolt of electricity hits you!
You die...
Your body becomes fuel for the black torch.

#...ZZZ.Z.## .....Z..#..#
...######..## ..## ##ZZ##
..# #.Z.#### ..# ##.Z.ZZ#
..##### #####Z# .......
###S### ..[>... #..S@S#
......# #...SNS)# ###.###
#....S....# # #
#.....∩.....# #####
#.............# #.#.Z
#.............#######....
..⌠.∩..#..∩.⌠..........##
.#
.............######...#
.# #...##


You could see an anaconda, a naga ritualist, 2 shock serpents, a mana viper, 2
black mambas, the friendly Mlioglotl the spectre, a friendly black mamba zombie
and a friendly mana viper zombie.

Vanquished Creatures
  A tentacled monstrosity (Swamp:4)
  4 thorn hunters
  Aizul (Snake:2)
  The ghost of LoggersVIII the Covert, an adept OpEE of Jiyva (Swamp:3)
  2 orc warlords (Orc:2)
  A minotaur (Gauntlet)
  2 eleionomae (Swamp:2)
  2 bunyips
  A shambling mangrove (Swamp:1)
  Josephine (Lair:3)
  An ettin (D:15)
  12 hydras
  4 vault guards (D:14)
  4 merfolk avatars (Swamp:3)
  4 ghost crabs
  4 centaur warriors
  2 death knights
  6 boulder beetles
  2 catoblepae
  8 alligators
  4 two-headed ogres
  2 anacondas
  A tengu warrior (D:9)
  2 naga warriors
  4 orc high priests (Orc:2)
  14 naga sharpshooters
  A spriggan berserker (Swamp:4)
  A hell knight (D:15)
  A thrashing horror (Gauntlet)
  3 shock serpents
  A soul eater (Gauntlet)
  Sonja (Orc:1)
  5 skeletal warriors
  A spriggan rider (Swamp:4)
  2 mana vipers (Snake:3)
  2 naga ritualists
  2 spriggan druids
  A goliath frog (Swamp:1)
  An arcanist (D:14)
  An orange crystal statue (D:11)
  5 swamp dragons
  2 phantasmal warriors
  10 bog bodies
  Pikel (D:7)
  An obsidian statue (D:11)
  2 deep elf pyromancers
  6 cyclopes
  3 manticores
  15 ugly things
  A will-o-the-wisp (Swamp:4)
  3 orc knights (Orc:2)
  3 orc sorcerers
  11 salamanders
  7 elephants
  23 black mambas
  A guardian serpent (Snake:2)
  2 kobold blastminers (Orc:2)
  4 meliai
  4 naga magi
  A torpor snail (Lair:5)
  An orange demon (Lair:2)
  Jeremiah (D:7)
  6 cane toads
  3 komodo dragons
  3 yaktaurs (D:15)
  3 kobold demonologists (D:12)
  2 freezing wraiths
  2 rime drakes (Lair:5)
  3 tengu conjurers (D:15)
  6 efreet
  9 trolls
  4 hornets
  A polar bear (Lair:5)
  11 blink frogs
  3 tyrant leeches
  A centaur simulacrum (D:14)
  4 slime creatures
  8 spriggans
  8 wraiths
  3 shadows
  2 basilisks
  A water elemental (D:14)
  52 yaks
  Eustachio (D:5)
  A fire bat (shapeshifter) (D:9)
  A vampire (D:12)
  2 wargs (Orc:2)
  3 steam dragons
  15 vampire mosquitoes
  14 swamp worms
  21 nagas
  2 acid dragons
  11 water moccasins
  9 swamp drakes
  6 black bears
  19 orc warriors
  4 ice beasts
  3 sky beasts (D:7)
  8 wolves
  4 laughing skulls
  A small abomination (Gauntlet)
  An ogre (Orc:2)
  4 boggarts (D:10)
  11 centaurs
  4 phantoms
  2 kobold brigands
  9 scorpions
  9 bullfrogs
  9 gnoll sergeants
  2 necrophages (Swamp:2)
  17 wights
  3 killer bees (D:9)
  3 electric eels
  4 howler monkeys
  3 bombardier beetles
  3 centaur zombies (D:6)
  6 hounds
  15 orc priests
  7 gnoll boudas
  2 jellies
  5 iguanas
  2 sleepcaps (D:6)
  2 scorpion zombies (D:6)
  19 orc wizards
  5 hell rats
  A statue (D:7)
  A killer bee zombie (D:6)
  5 hound zombies (D:6)
  Robin (D:2)
  A howler monkey zombie (D:6)
  23 gnolls
  11 adders
  5 shadow imps
  4 white imps
  3 ufetubi (D:6)
  An adder zombie (D:6)
  A gnoll zombie (Bailey)
  2 dart slugs
  43 orcs
  10 endoplasms
  5 giant cockroaches
  10 goblins
  9 hobgoblins
  3 jackals (D:3)
  2 quokkas (D:1)
  5 ball pythons
  2 bats
  2 frilled lizards
  A hobgoblin zombie (D:2)
  10 kobolds
  5 rats
793 creatures vanquished.

Vanquished Creatures (collateral kills)
  Vashnia (Snake:2)
  Mlioglotl (Snake:3)
  A nagaraja (Snake:2)
  A ghoul (Swamp:2)
  3 eleionomae
  9 hydras
  3 alligators
  An anaconda (Snake:1)
  A merfolk avatar (Swamp:3)
  2 catoblepae (Lair:5)
  2 naga warriors
  4 death yaks (Lair:5)
  Urug (Lair:2)
  An orc high priest (Orc:2)
  A shock serpent (Snake:1)
  Amaemon (Lair:2)
  4 naga sharpshooters
  A skeletal warrior (D:14)
  3 mana vipers
  5 swamp dragons
  2 spriggan druids
  3 naga ritualists
  5 bog bodies
  6 ugly things
  A manticore (Lair:5)
  5 salamanders
  An orc sorcerer (Orc:2)
  A cyclops (D:9)
  2 elephants
  8 black mambas
  2 naga magi
  3 cane toads
  3 komodo dragons (Lair:1)
  A polar bear (Lair:2)
  4 blink frogs
  2 hornets
  A tyrant leech (Swamp:4)
  3 slime creatures
  2 spriggans
  23 yaks
  A wyvern (D:10)
  A basilisk (Lair:3)
  A steam dragon (Lair:1)
  A vampire mosquito (D:7)
  19 nagas
  7 swamp worms
  5 swamp drakes
  An orc warrior (Orc:2)
  A black bear (Lair:2)
  A small abomination (Gauntlet)
  2 ogres (Orc:2)
  An elephant zombie (D:6)
  3 wolves
  Blork the orc (D:5)
  2 necrophages (Swamp:2)
  A gnoll sergeant (Bailey)
  3 bullfrogs (Lair:2)
  2 wights (D:9)
  A hound (D:5)
  An orc priest (D:9)
  A hell rat (Lair:5)
  2 orc wizards
  An ogre zombie (D:6)
  A gnoll (Bailey)
  An adder (D:5)
  An orc zombie (D:7)
  4 orcs
  An endoplasm (D:2)
  3 goblins
  A hobgoblin (D:1)
  A quokka (D:2)
  A frilled lizard (D:2)
  7 kobolds
204 creatures vanquished.

Vanquished Creatures (others)
  2 guardian serpent zombies (Snake:2)
  A bunyip zombie (Swamp:4)
  An anaconda zombie (Snake:1)
  4 alligator zombies
  A spriggan rider (Swamp:3)
  5 ugly thing zombies
  An ugly thing (D:14)
  Maurice (D:7)
  A mana viper zombie (Snake:1)
  2 death yak zombies (Lair:5)
  7 hydra zombies
  A boulder beetle zombie (D:14)
  13 black mamba zombies
  A tyrant leech zombie (Swamp:4)
  A human zombie (D:14)
  A fire bat zombie (D:9)
  A swamp worm (Swamp:3)
  A cane toad zombie (Lair:1)
  A swamp drake (Swamp:4)
  3 hornet zombies
  A spectral efreet (D:15)
  An elephant zombie (Lair:5)
  5 blink frog zombies
  4 swamp dragon zombies
  A centaur (D:15)
  2 komodo dragon zombies
  2 yaktaur zombies (D:15)
  A warg zombie (Orc:2)
  A cyclops zombie (D:14)
  4 water moccasin zombies
  15 yak zombies
  A troll zombie (Orc:2)
  A tengu zombie (D:15)
  A polar bear zombie (Lair:2)
  4 spriggan zombies (Swamp:4)
  4 wolf zombies
  9 centaur zombies
  3 bullfrog zombies
  A basilisk zombie (Lair:1)
  A black bear zombie (D:7)
  A scorpion zombie (D:6)
  A boggart zombie (D:10)
  12 naga zombies
  A sky beast zombie (D:7)
  2 hound zombies
  2 hell rat zombies (Lair:5)
  A howler monkey zombie (D:10)
  5 swamp drake zombies (Swamp:4)
  2 steam dragon zombies (D:8)
  An iguana zombie (D:5)
  A jelly zombie (D:5)
  2 spectral shadow imps
  2 adder zombies
  2 spectral white imps
  2 orcs (D:11)
  11 gnoll zombies
  An endoplasm zombie (D:2)
  A frilled lizard zombie (D:3)
  3 goblin zombies
  A jackal zombie (D:3)
  4 kobold zombies
  26 orc zombies
  A rat zombie (D:2)
  A spectral ufetubus (D:6)
  27 foxfires (Swamp:4)
224 creatures vanquished.

Grand Total: 1221 creatures vanquished

Notes
Turn   | Place    | Note
-------+----------+-------------------------------------------
     0 | D:1      | SnakkuSnakku7 the Djinni Hunter began the quest for the
                  | Orb.
     0 | D:1      | Reached XP level 1. HP: 18/18 MP: 0/0
   138 | D:1      | Reached XP level 2. HP: 21/23 MP: 0/0
   171 | D:1      | Found a faded altar of an unknown god.
   193 | D:1      | Prayed at the altar of an unknown god.
   193 | D:1      | Became a worshipper of Yredelemnul the Dark
   193 | D:1      | Reached * piety under Yredelemnul
   251 | D:1      | Found Ezaho's General Store.
   380 | D:1      | Reached XP level 3. HP: 28/29 MP: 0/0
   380 | D:1      | Learned a level 1 spell: Sandblast
   386 | D:1      | Reached ** piety under Yredelemnul
   830 | D:2      | Reached XP level 4. HP: 24/35 MP: 0/0
   830 | D:2      | Noticed Robin
   934 | D:2      | Killed Robin
  1128 | D:2      | Reached XP level 5. HP: 42/42 MP: 0/0
  1128 | D:2      | Learned a level 2 spell: Call Imp
  1656 | D:3      | Reached skill level 5 in Fighting
  1808 | D:3      | Reached skill level 1 in Maces & Flails
  1808 | D:3      | Reached XP level 6. HP: 38/49 MP: 0/0
  2116 | D:2      | Reached skill level 2 in Maces & Flails
  2310 | D:4      | Found a stormy altar of Qazlal.
  2391 | D:4      | Reached skill level 3 in Maces & Flails
  2470 | D:4      | Found a shadowy altar of Dithmenos.
  2692 | D:4      | Found a bloodstained altar of Trog.
  2822 | D:4      | Reached XP level 7. HP: 45/54 MP: 0/0
  2822 | D:4      | Learned a level 2 spell: Static Discharge
  2966 | D:4      | Found an ornate altar of the Wu Jian Council.
  3035 | D:4      | Found a white marble altar of Elyvilon.
  3112 | D:5      | Entered Level 5 of the Dungeon
  3224 | D:5      | Noticed Eustachio
  3236 | D:5      | Killed Eustachio
  3237 | D:5      | Reached skill level 4 in Maces & Flails
  3375 | D:5      | Reached skill level 5 in Maces & Flails
  3380 | D:5      | Reached XP level 8. HP: 26/59 MP: 0/0
  3599 | D:5      | Noticed Blork the orc
  3846 | D:5      | Reached skill level 6 in Maces & Flails
  4604 | D:5      | Gained mutation: Your spells are a little harder to cast,
                  | but a little more powerful. [potion of mutation]
  4604 | D:5      | Gained mutation: You are partially covered in iridescent
                  | scales. (AC +2) [potion of mutation]
  4613 | D:5      | Killed Blork the orc
  4614 | D:5      | Reached skill level 7 in Maces & Flails
  4869 | D:6      | Found a glowing golden altar of the Shining One.
  4869 | D:6      | Found a glowing silver altar of Zin.
  4910 | D:6      | Reached XP level 9. HP: 65/65 MP: 0/0
  4910 | D:6      | Learned a level 3 spell: Dazzling Flash
  5137 | D:6      | Reached skill level 8 in Maces & Flails
  5184 | D:6      | Reached *** piety under Yredelemnul
  5230 | D:6      | Reached **** piety under Yredelemnul
  5331 | D:6      | Reached skill level 9 in Maces & Flails
  5474 | D:6      | Reached ***** piety under Yredelemnul
  5772 | D:6      | Found a basalt altar of Yredelemnul.
  5850 | D:6      | Reached skill level 10 in Maces & Flails
  5850 | D:6      | Reached XP level 10. HP: 12/70 MP: 0/0
  6255 | D:7      | Noticed Maurice
  6256 | D:7      | Maurice stole a +1 heavy flail
  6259 | D:7      | Something stole 400 gold
  6271 | D:7      | Killed Maurice
  6481 | D:7      | Noticed Pikel
  6491 | D:7      | Paralysed by Pikel for 2 turns
  6499 | D:7      | Killed Pikel
  6500 | D:7      | Reached skill level 11 in Maces & Flails
  6758 | D:7      | Noticed a two-headed ogre
  7066 | D:7      | Reached skill level 12 in Maces & Flails
  7098 | D:7      | Noticed Jeremiah
  7490 | D:8      | Reached XP level 11. HP: 65/75 MP: 0/0
  7490 | D:8      | Learned a level 5 spell: Silence
  7557 | D:8      | You are sucked into a shaft and drop 3 floors!
  7589 | D:11     | Noticed an orange crystal statue
  7701 | D:11     | Noticed a two-headed ogre
  7714 | D:11     | Killed a two-headed ogre
  7728 | D:11     | Noticed a boulder beetle
  7749 | D:11     | Killed a boulder beetle
  7750 | D:11     | Reached skill level 13 in Maces & Flails
  7781 | D:10     | Entered Level 10 of the Dungeon
  7803 | D:10     | Reached skill level 1 in Evocations
  7809 | D:10     | Found a shimmering altar of Xom.
  7810 | D:10     | Found a sparkling altar of Nemelex Xobeh.
  7836 | D:10     | Noticed a two-headed ogre
  8379 | D:10     | Identified the maw talisman "Yfrirph" {rF+ rN+ Dex-2 SInv}
  8513 | D:9      | Found a flagged portal.
  8653 | Bailey   | Entered a bailey
  9101 | Bailey   | Reached skill level 5 in Evocations
 10235 | D:8      | Found a sacrificial altar of Ru.
 10252 | D:8      | Reached XP level 12. HP: 68/81 MP: 0/0
 10424 | D:7      | Reached skill level 14 in Maces & Flails
 10484 | D:7      | Killed Jeremiah
 10554 | D:7      | Killed a two-headed ogre
 10791 | D:7      | Found a staircase to the Ecumenical Temple.
 11015 | D:8      | Found a broken altar of Ashenzari.
 11381 | D:9      | Found a staircase to the Lair.
 11391 | D:9      | Found a snail-covered altar of Cheibriados.
 11455 | D:9      | Noticed a centaur warrior
 11455 | D:9      | Noticed an entropy weaver
 11455 | D:9      | Noticed a four-headed hydra
 11455 | D:9      | Noticed a tengu warrior
 11455 | D:9      | Noticed a death knight
 11456 | D:9      | Noticed a boulder beetle
 11465 | D:9      | Noticed a seven-headed hydra
 11492 | D:9      | Found a staircase to the Orcish Mines.
 12142 | D:10     | Found an opulent altar of Gozag.
 12142 | D:10     | Found an opulent altar of Gozag.
 12147 | D:10     | Found an opulent altar of Gozag.
 12154 | D:10     | Found an opulent altar of Gozag.
 12321 | Lair:1   | Entered Level 1 of the Lair of Beasts
 12328 | Lair:1   | Reached skill level 15 in Maces & Flails
 13005 | Lair:1   | Noticed a catoblepas
 13092 | Lair:1   | Reached XP level 13. HP: 42/85 MP: 0/0
 13092 | Lair:1   | Learned a level 5 spell: Summon Forest
 13489 | Lair:1   | Killed a catoblepas
 13490 | Lair:1   | Reached skill level 16 in Maces & Flails
 14035 | Lair:1   | Identified a scroll of acquirement
 14035 | Lair:1   | Acquired a +0 buckler of fire resistance
 14268 | Lair:2   | Identified the +2 leather armour of Puawie {^Drain rPois
                  | rC+ Slay+3}
 14309 | Lair:2   | Noticed a six-headed hydra
 14318 | Lair:2   | Killed a six-headed hydra
 14607 | Lair:2   | Found a staircase to the Swamp.
 14827 | Lair:2   | Noticed Amaemon
 14837 | Lair:2   | Killed Amaemon
 14910 | Lair:2   | Noticed Urug
 14944 | Lair:2   | Killed Urug
 15480 | Lair:3   | Noticed a four-headed hydra
 15496 | Lair:3   | Killed a four-headed hydra
 15497 | Lair:3   | Reached skill level 10 in Fighting
 15499 | Lair:3   | Reached skill level 1 in Armour
 15717 | Lair:3   | Found a staircase to the Snake Pit.
 16821 | Lair:4   | Found a viscous altar of Jiyva.
 16828 | Lair:4   | Found a staircase to the Slime Pits.
 16931 | Lair:4   | Noticed Josephine
 16999 | Lair:3   | Killed Josephine
 17111 | Lair:4   | Reached skill level 5 in Armour
 17545 | Lair:4   | Found a blossoming altar of Fedhas.
 17771 | Lair:4   | Reached XP level 14. HP: 94/103 MP: 0/0
 17906 | Lair:5   | Entered Level 5 of the Lair of Beasts
 18669 | Lair:5   | Reached ****** piety under Yredelemnul
 18994 | Lair:5   | Reached skill level 10 in Armour
 18994 | Lair:5   | Reached skill level 1 in Shields
 19400 | Lair:5   | Reached skill level 5 in Shields
 20800 | D:11     | Reached skill level 5 in Dodging
 20800 | D:11     | Reached XP level 15. HP: 97/107 MP: 0/0
 20800 | D:11     | Learned a level 6 spell: Starburst
 22959 | D:9      | Identified the amulet of Rutsias {Acrobat rF- rC+++ Int+3}
 22997 | D:9      | Identified the +5 long sword of Watzila {freeze, Dex+3}
 23114 | Orc:1    | Entered Level 1 of the Orcish Mines
 23268 | Orc:1    | Found Pepyap's Distillery.
 23272 | Orc:1    | Bought a potion of heal wounds for 80 gold pieces
 23272 | Orc:1    | Bought a potion of curing for 48 gold pieces
 23272 | Orc:1    | Bought a potion of curing for 48 gold pieces
 23272 | Orc:1    | Bought a potion of curing for 48 gold pieces
 23450 | Orc:2    | Entered Level 2 of the Orcish Mines
 23513 | Orc:2    | Found a gate leading to a gauntlet.
 23528 | Gauntlet | Entered a Gauntlet
 23528 | Gauntlet | Found a transporter.
 23528 | Gauntlet | Found a transporter.
 23624 | Gauntlet | Found a transporter.
 23625 | Gauntlet | Found a transporter.
 23625 | Gauntlet | Found a transporter.
 23651 | Gauntlet | Found a transporter.
 23655 | Gauntlet | Found a transporter.
 23671 | Gauntlet | Found a transporter.
 23682 | Gauntlet | Found a transporter.
 23700 | Gauntlet | Found a transporter.
 23701 | Gauntlet | Found a transporter.
 23702 | Gauntlet | Found a runed translucent door.
 23716 | Gauntlet | Found a transporter.
 24036 | Gauntlet | Reached skill level 10 in Dodging
 24197 | Gauntlet | Reached skill level 1 in Invocations
 24202 | Gauntlet | Identified the ring "Mycwompy" {Fire Will+ Dex+4 SInv}
 24238 | Gauntlet | Identified the +6 scimitar of Termination {heavy, +Blink
                  | Str+4}
 24238 | Gauntlet | Identified the ring of Zeys {rF+ rC+ rCorr Str+6 Int-3}
 24238 | Gauntlet | Identified the +1 halberd of Lust {protect, rC- rCorr Str+4
                  | Int+2}
 24439 | Orc:1    | Noticed Sonja
 24446 | Orc:1    | Killed Sonja
 24613 | Orc:2    | Found Fuonih's Jewellery Shop.
 24622 | Orc:2    | Found Palid's General Store.
 24635 | Orc:2    | Reached skill level 5 in Invocations
 24654 | Orc:2    | Bought a potion of heal wounds for 70 gold pieces
 24654 | Orc:2    | Bought a wand of iceblast (2) for 67 gold pieces
 24738 | Orc:2    | Noticed an orc warlord
 25296 | Orc:2    | Killed an orc warlord
 25492 | Orc:2    | Found Uvawe's Antique Armour Boutique.
 25514 | Orc:2    | Found Veemom's Book Shoppe.
 25578 | Orc:2    | Bought glowing pearl dragon scales for 2552 gold pieces
 25655 | Orc:2    | Found a staircase to the Elven Halls.
 25674 | Orc:2    | Noticed an orc warlord
 25698 | Orc:2    | Killed an orc warlord
 25964 | Orc:2    | Found Bajungew's Antique Weapon Emporium.
 26399 | D:13     | Reached XP level 16. HP: 113/113 MP: 0/0
 26587 | D:13     | Reached skill level 1 in Spellcasting
 26587 | D:13     | Reached skill level 1 in Conjurations
 26587 | D:13     | Reached skill level 1 in Hexes
 26587 | D:13     | Reached skill level 1 in Summonings
 26587 | D:13     | Reached skill level 1 in Necromancy
 26587 | D:13     | Reached skill level 1 in Translocations
 26587 | D:13     | Reached skill level 1 in Fire Magic
 26587 | D:13     | Reached skill level 1 in Ice Magic
 26587 | D:13     | Reached skill level 1 in Air Magic
 26587 | D:13     | Reached skill level 1 in Earth Magic
 26587 | D:13     | Reached skill level 1 in Alchemy
 27875 | Orc:2    | Bought a pair of heavily runed gloves for 237 gold pieces
 27875 | Orc:2    | Identified the +3 pair of gloves of the Shouting Gods
                  | {rPois Int+4 Dex+2} (You bought it in a shop on level 2 of
                  | the Orcish Mines)
 28561 | D:14     | Reached skill level 5 in Spellcasting
 28561 | D:14     | Reached skill level 5 in Conjurations
 28561 | D:14     | Reached skill level 5 in Hexes
 28561 | D:14     | Reached skill level 5 in Summonings
 28561 | D:14     | Reached skill level 5 in Necromancy
 28561 | D:14     | Reached skill level 5 in Translocations
 28561 | D:14     | Reached skill level 5 in Fire Magic
 28561 | D:14     | Reached skill level 5 in Ice Magic
 28561 | D:14     | Reached skill level 5 in Air Magic
 28561 | D:14     | Reached skill level 5 in Earth Magic
 28561 | D:14     | Reached skill level 5 in Alchemy
 28639 | D:14     | Found a white marble altar of Elyvilon.
 28788 | D:14     | Found a gate to the Vaults.
 29330 | D:15     | Entered Level 15 of the Dungeon
 30587 | D:15     | Found a staircase to the Depths.
 30833 | Swamp:1  | Entered Level 1 of the Swamp
 30919 | Swamp:1  | Reached XP level 17. HP: 84/119 MP: 0/0
 30919 | Swamp:1  | Learned a level 6 spell: Plasma Beam
 31853 | Swamp:3  | Noticed a thorn hunter
 32088 | Swamp:3  | Killed a thorn hunter
 33238 | Swamp:3  | Found a runed translucent gate.
 33238 | Swamp:3  | Found a runed translucent gate.
 33240 | Swamp:3  | Found a runed translucent gate.
 33242 | Swamp:3  | Noticed LoggersVIII's ghost (adept OpEE)
 33258 | Swamp:3  | Killed LoggersVIII's ghost
 33353 | Swamp:4  | Entered Level 4 of the Swamp
 33353 | Swamp:4  | Noticed a thorn hunter
 33373 | Swamp:3  | Killed a thorn hunter
 33374 | Swamp:3  | Reached skill level 10 in Shields
 33883 | Swamp:4  | Noticed a tentacled monstrosity
 33928 | Swamp:4  | Killed a tentacled monstrosity
 34147 | Swamp:4  | Reached XP level 18. HP: 102/124 MP: 0/0
 34944 | Swamp:4  | Got a decaying rune of Zot
 35137 | Snake:1  | Entered Level 1 of the Snake Pit
 35154 | Snake:1  | Reached skill level 15 in Armour
 35393 | Snake:1  | Identified the +1 leather armour "Qiplouhiph" {rN++ Str+3}
 36306 | Snake:2  | Identified the serpent talisman "Mistrich" {rN+ rCorr Dex-5
                  | Stlth+}
 36306 | Snake:2  | Noticed Aizul
 36344 | Snake:2  | Killed Aizul
 36440 | Snake:2  | Your ally Aizul died
 36613 | Snake:2  | Noticed Vashnia
 36621 | Snake:2  | Reached XP level 19. HP: 123/130 MP: 0/0
 36621 | Snake:2  | Learned a level 7 spell: Spellforged Servitor
 36636 | Snake:2  | Killed Vashnia
 37000 | Snake:2  | Reached skill level 10 in Invocations
 38010 | Snake:3  | Noticed Mlioglotl
 38029 | Snake:3  | Killed Mlioglotl
 38865 | Snake:3  | Found Jinleu's Magic Scroll Emporium.
 38867 | Snake:3  | Found Qare's Jewellery Shoppe.
 38867 | Snake:3  | Found Kongophe's Jewellery Emporium.
 38880 | Snake:3  | HP: 5/130 [shock serpent (13)]
 38880 | Snake:3  | HP: 1/130 [mana viper[a naga ritualist] (4)]
 38880 | Snake:3  | Killed from afar by a shock serpent

Illustrated notes

Levels and vault maps discovered:
D:1:      dpeg_arrival_another_circle, layout_basic,
          shapermc_ecumenical_altar_mp_highgroup, serial_shops,
          nicolae_shop_waterfront
D:2:      layout_loops_ring, nicolae_kite_square_tiling_tiny,
          grunt_ministairs_14, uniq_robin
D:3:      layout_rooms, dk_noncrumbling_2
D:4:      layout_basic, mainiacjoe_overflow_concentric_impassable,
          amcnicky_altar_gilded, lemuel_crystal_altar, lemuel_doored_altar,
          lightli_temple_of_fire
D:5:      layout_cave_pods, minivault_24, grunt_decor_arrowhead,
          uniq_blork_the_orc, uniq_eustachio
D:6:      minmay_bubble_buster, layout_basic,
          chequers_temple_overflow_statue_of_worship,
          roadster_capsule_ark_zombie
D:7:      nzn_winding_woodlands_cross [nzn_winding_woodlands_5x15_cabin,
          nzn_winding_woodlands_5x15_split_checker,
          nzn_winding_woodlands_5x15_parted, nzn_winding_woodlands_5x15_crooked,
          nzn_winding_woodlands_15x15_killbox], layout_rooms, vehumet_statue,
          minmay_temple_entry_enclosed_plants, uniq_maurice, uniq_jeremiah,
          uniq_pikel
D:8:      layout_basic, nicolae_ashenzari_panopticon,
          mainiacjoe_overflow_catwalk
D:9:      layout_rooms, lemuel_round_altar, kiku_gazebo_pond_becter,
          general_overflow_altar, lair_entry_dummy, orc_0_dummy, enter_bailey_2,
          minivault_12
D:10:     layout_basic, nicolae_gozag_conspicuous_consumption,
          mainiacjoe_overflow_divided_tiny, dk_noncrumbling_3,
          minmay_misc_feat_iff
D:11:     minmay_separated_statues, layout_loops_cross
D:12:     layout_layer_cave
D:13:     layout_basic
D:14:     layout_cave_pools, lightli_vaults_fourway_checkpoint,
          nicolae_elyvilon_temple_path
D:15:     hangedman_depths_entry_civil_slaughter, layout_basic
Lair:1:   layout_layer_cave, grunt_megastairs_3
Lair:2:   layout_regular_city, mainiacjoe_swamp_entry_lozenge_pond,
          st_stairs_13, grunt_forest_stairs_clearing,
          infiniplex_staircase_pool_2, uniq_amaemon, uniq_urug
Lair:3:   layout_misc_corridors, minmay_snake_entry_guardpost_small,
          grunt_megastairs_5, serial_bayou_shore_b
Lair:4:   layout_regular_city, dpeg_slime_entry_corner, basic_altar,
          uniq_josephine
Lair:5:   evilmike_catoblepas_cave, layout_gridlike,
          chequers_serial_rivers_room_b
Swamp:1:  layout_falls_marsh, hangedman_swamp_diagram, swamp_pool_4
Swamp:2:  layout_basic_swamp, evilmike_swamp_ruin_house_2,
          hangedman_swamp_ravenous
Swamp:3:  layout_basic_swamp, gammafunk_ghost_hydra_chop,
          evilmike_swamp_ruin_rubble_1, swamp_pool_3, grunt_lady_of_the_lake
Swamp:4:  swamp_basic_johnstein, layout_basic_swamp, nicolae_swamp_long_stream
Snake:1:  layout_grid_maze, nicolae_snake_salamander_jacuzzi
Snake:2:  layout_layer_cave, uniq_aizul, uniq_vashnia
Snake:3:  layout_layer_cave, nicolae_snake_guarding_the_ruins, minmay_shoptagon,
          uniq_mlioglotl
Orc:1:    layout_diamond_mine, serial_shops, shop, uniq_sonja
Orc:2:    grunt_orc_gardens, layout_diamond_mine, grunt_orc_garden,
          grunt_orc_garden, grunt_orc_garden, grunt_orc_garden, serial_shops,
          shop, gauntlet_entry_generic

Skill      XL: |  1  2  3  4  5  6  7  8  9 10 11 12 13 14 15 16 17 18 19 |
---------------+----------------------------------------------------------+-----
Fighting       | 3 4 5 10 | 10.0
Maces & Flails | 1 3 5 7 10 12 13 15 16 | 16.0
Evocations     | 5 |  5.0
Armour         | 5 10 11 15 | 15.6
Shields        | 6 10 12 | 12.0
Dodging        | 5 10 | 10.0
Invocations    | 7 9 11 | 11.8
Spellcasting   | 8 9 |  9.9
Conjurations   | 8 9 |  9.9
Hexes          | 8 9 |  9.9
Summonings     | 8 9 |  9.9
Necromancy     | 8 9 |  9.9
Translocations | 8 9 |  9.9
Fire Magic     | 8 9 |  9.9
Ice Magic      | 8 9 |  9.9
Air Magic      | 8 9 |  9.9
Earth Magic    | 8 9 |  9.9
Alchemy        | 8 9 |  9.9
Ranged Weapons | |  3.6
Stealth        | |  0.7

Action                     |  1- 3 |  4- 6 |  7- 9 | 10-12 | 13-15 | 16-18 | 19-21 || total
---------------------------+-------+-------+-------+-------+-------+-------+-------++-------
  Melee: Flail             |       |    76 |   248 |    83 |       |       |       ||   407
         Punch             |       |     1 |     2 |     7 |     1 |       |       ||    11
         Morningstar       |       |       |       |   525 |  1207 |   232 |       ||  1964
         Demon whip        |       |       |       |       |       |  1278 |   230 ||  1508
   Fire: Shortbow          |    75 |    87 |       |       |       |       |       ||   162
  Throw: Throwing net      |       |       |       |       |       |     1 |       ||     1
 Invoke: Recall Undead Har |       |       |       |       |     2 |     1 |       ||     3
  Evoke: Wand              |       |       |       |    20 |    18 |       |       ||    38
         Phantom mirror    |       |       |       |       |     1 |       |       ||     1
         Lightning rod     |       |       |       |       |     4 |       |       ||     4
    Use: Potion            |       |       |     4 |     3 |     8 |     5 |     1 ||    21
         Scroll            |       |       |       |    10 |    18 |     9 |     1 ||    38
   Stab: Distracted        |       |     1 |     1 |     7 |    11 |    22 |     5 ||    47
         Sleeping          |       |       |     1 |       |       |       |       ||     1
         Paralysed         |       |       |       |    15 |     5 |       |       ||    20
         Petrified         |       |       |       |       |     1 |       |       ||     1
         Invisible         |       |       |       |       |    16 |       |       ||    16
         Held in net/web   |       |       |       |       |       |     1 |       ||     1
 Armour: Leather armour    |    21 |   119 |   115 |       |       |       |       ||   255
         Ring mail         |       |       |   117 |   323 |       |       |       ||   440
         Plate armour      |       |       |       |   247 |   989 |       |       ||  1236
         Pearl dragon scal |       |       |       |       |    18 |   847 |   112 ||   977
  Dodge: Dodged            |    28 |   132 |   181 |   250 |   308 |   683 |    72 ||  1654
  Block: Other             |       |       |       |     6 |     6 |       |       ||    12
         Buckler           |       |       |       |       |   450 |   140 |       ||   590
         Reflection        |       |       |       |       |     8 |       |       ||     8
         Kite shield       |       |       |       |       |       |   516 |   151 ||   667
